 Dungeon Crawl Stone Soup version 0.23.0-3-gf3c87f2 (webtiles) character file.

Game seed: 4037832992269248693

1239 Borgoz the Cutter (level 8, -3/69 HPs)
             Began as a Ghoul Monk on Feb 22, 2019.
             Killed from afar by Blork the orc (4 damage)
             ... with a magic dart
             ... on level 4 of the Dungeon.
             The game lasted 00:14:33 (5736 turns).

Borgoz the Cutter (Ghoul Monk)                      Turns: 5736, Time: 00:14:34

Health: -3/69      AC:  7    Str: 15    XL:     8   Next: 49%
Magic:  7/7        EV: 13    Int:  6    God:
Gold:   62         SH:  0    Dex: 12    Spells: 7/7 levels left

rFire    . . .     SeeInvis .   z - +1 dagger (venom)
rCold    + . .     Gourm    .   (no shield)
rNeg     + + +     Faith    .   l - +0 leather armour
rPois    ∞         Spirit   .   n - +1 helmet
rElec    .         Reflect  .   (no cloak)
rCorr    .         Harm     .   (no gloves)
MR       +....                  (no boots)
Stlth    ++........             (no amulet)
HPRegen  0.00/turn              s - ring of protection from magic
MPRegen  0.10/turn              e - +2 ring of protection

@: very slightly contaminated, rotting
A: rotting body, claws 1, carnivore, cold resistance 1, negative energy
resistance 3, inhibited regeneration, torment resistance, unbreathing
a: no special abilities


You were on level 4 of the Dungeon.
You were not hungry.

You visited 1 branch of the dungeon, and saw 6 of its levels.

You collected 185 gold pieces.
You spent 123 gold pieces at shops.

Inventory:

Hand Weapons
 b - a +0 dagger of freezing
 z - a +1 dagger of venom (weapon)
Missiles
 h - 30 poisoned needles
Armour
 l - a +0 leather armour (worn)
 n - a +1 helmet (worn)
 o - a +0 shield
Jewellery
 e - a +2 ring of protection (right claw)
 j - an uncursed ring of flight
 s - a ring of protection from magic (left claw)
Wands
 t - a wand of digging (4)
 x - a wand of iceblast (13)
Scrolls
 f - a scroll of magic mapping
 g - a scroll of immolation {unknown}
 k - a scroll of fog {unknown}
 q - a scroll of enchant weapon {unknown}
 r - a scroll of remove curse
 v - a scroll of enchant armour
Potions
 d - a potion of invisibility
 i - 3 potions of brilliance
 p - a potion of haste
 u - 2 potions of resistance
Comestibles
 c - 9 rations


   Skills:
 + Level 5.4 Fighting
 + Level 6.5 Short Blades
 + Level 3.3 Armour
 + Level 4.4 Dodging
 + Level 4.1 Stealth


You had 7 spell levels left.
You didn't know any spells.
Your spell library was empty.

Dungeon Overview and Level Annotations

Branches:
Dungeon (6/15)
 Temple: D:4-7

Altars:
Dithmenos
Gozag
Hepliaklqana
Trog
Wu Jian

Shops:
D:6 ?*(

Annotations:
D:4 Blork the orc, Pikel


Innate Abilities, Weirdness & Mutations

Your body is rotting away.
You thrive on raw meat.
You are immune to poison.
You have sharp fingernails.
You are carnivorous and can eat meat at any time.
Your flesh is cold resistant. (rC+)
You are immune to negative energy. (rN+++)
You do not regenerate when monsters are visible.
You are immune to unholy pain and torment.
You can survive without breathing.


Message History

Pikel is moderately wounded.
You hit Pikel but do no damage.
Pikel looks as sick as possible!
Pikel is heavily wounded.
Pikel hits you but does no damage.
You hit Pikel.
Pikel looks as sick as possible!
Pikel is heavily wounded.
Pikel hits you with a +1 whip of electrocution.
* * * LOW HITPOINT WARNING * * *
You are electrocuted!!
* * * LOW HITPOINT WARNING * * *
Unknown command.
Okay, then.
Okay, then.
Blink to where?
Press: ? - help, Dir - move target cursor You are very lightly contaminated with residual magic.
As you read the scroll of blinking, it crumbles to dust.
Blork the orc casts a spell at you. The magic dart hits you.
You die...

..........## #..........###
..........# ##...........##
.........## #............#
........## #.............#
........# ##............#
..[....## ###
#.............# ......##
###.# ##............#
.....## ##....
###o...........# ....##
##.....##@.............
...##
#..........#.......... ..##
##.........###.........
######..........###.....)..
##..W............#..#......
....#.........§K.# .#.....
..####...........# .##....
..## #...!.......... ...#
##.....>......##


You could see Pikel and Blork the orc.

Vanquished Creatures
  Eustachio (D:5)
  An ice beast (D:5)
  4 slaves (D:5)
  An ogre (D:6)
  2 bullfrogs (D:6)
  A wyvern zombie (D:6)
  A scorpion (D:5)
  2 howler monkeys (D:6)
  2 crimson imps (D:5)
  A centaur zombie (D:2)
  A hound (D:4)
  2 orc wizards
  A centaur skeleton (D:5)
  An iguana (D:5)
  5 worker ants
  Terence (D:3)
  2 hound skeletons
  4 gnolls (D:3)
  5 adders
  A shadow imp (D:5)
  An adder zombie (D:5)
  3 worms
  3 dart slugs
  5 leopard geckos
  12 orcs
  6 giant cockroaches
  6 goblins
  5 hobgoblins
  3 jackals (D:1)
  3 quokkas
  6 ball pythons
  6 bats (D:1)
  6 frilled lizards
  8 kobolds
  A leopard gecko skeleton (D:4)
  A quokka skeleton (D:5)
  7 rats
121 creatures vanquished.

Notes
Turn   | Place    | Note
-------+----------+-------------------------------------------
     0 | D:1      | Borgoz the Ghoul Monk began the quest for the Orb.
     0 | D:1      | Reached XP level 1. HP: 19/19 MP: 0/0
   163 | D:1      | Reached XP level 2. HP: 24/26 MP: 1/1
   262 | D:1      | Reached skill level 3 in Short Blades
   669 | D:1      | Reached XP level 3. HP: 30/33 MP: 2/2
   753 | D:2      | Found a bloodstained altar of Trog.
  1059 | D:2      | Found a shadowy altar of Dithmenos.
  1181 | D:2      | Reached XP level 4. HP: 33/40 MP: 3/3
  1397 | D:2      | Found an ornate altar of the Wu Jian Council.
  1439 | D:2      | Found a hazy altar of Hepliaklqana.
  1594 | D:3      | Noticed Terence
  1602 | D:3      | Killed Terence
  1602 | D:3      | Reached skill level 1 in Armour
  1623 | D:3      | Reached XP level 5. HP: 46/46 MP: 4/4
  2091 | D:3      | Reached skill level 4 in Short Blades
  2567 | D:4      | Found an opulent altar of Gozag.
  2611 | D:4      | Reached XP level 6. HP: 42/51 MP: 5/5
  2816 | D:4      | Noticed a phantom
  3657 | D:4      | Noticed a slave
  3658 | D:4      | Noticed a slave
  3658 | D:4      | Noticed Blork the orc
  3659 | D:4      | Noticed Pikel
  3659 | D:4      | Noticed a slave
  3664 | D:4      | Noticed a slave
  3675 | D:5      | Entered Level 5 of the Dungeon
  3689 | D:5      | Killed a slave
  3792 | D:5      | Noticed Eustachio
  3932 | D:6      | Found Qozyhai's Magic Scroll Boutique.
  4017 | D:6      | Bought a scroll of blinking for 97 gold pieces
  4017 | D:6      | Bought a scroll of identify for 26 gold pieces
  4034 | D:6      | Reached skill level 5 in Short Blades
  4034 | D:6      | Reached XP level 7. HP: 42/60 MP: 6/6
  4158 | D:6      | HP: 1/59 [wyvern zombie (11)]
  4457 | D:6      | Found Luutuek's Assorted Antiques.
  4514 | D:6      | Found Ciosan's Antique Weapon Emporium.
  4880 | D:5      | Reached skill level 5 in Fighting
  4880 | D:5      | Reached XP level 8. HP: 38/68 MP: 7/7
  4900 | D:5      | Reached skill level 6 in Short Blades
  5591 | D:5      | Killed Eustachio
  5735 | D:4      | HP: 1/69 [Pikel/+1 whip of electrocution (19)]
  5736 | D:4      | Killed from afar by Blork the orc

Skill      XL: |  1  2  3  4  5  6  7  8 |
---------------+-------------------------+-----
Short Blades   | 3 4 5 6 |  6.5
Dodging        | 3 4 |  4.4
Armour         | 1 2 3 |  3.3
Stealth        | 3 4 |  4.1
Fighting       | 4 5 |  5.4

Action                   |  1- 3 |  4- 6 |  7- 9 || total
-------------------------+-------+-------+-------++-------
Melee: Short sword       |   139 |   427 |   158 ||   724
       Dagger            |       |       |   106 ||   106
  Use: Scroll            |       |    11 |     3 ||    14
       Potion            |       |       |     2 ||     2
 Stab: Sleeping          |     6 |     6 |     2 ||    14
       Invisible         |       |       |     1 ||     1
  Eat: Chunk             |     9 |    33 |    16 ||    58
Armor: Robe              |    14 |       |       ||    14
       Leather armour    |    15 |    51 |    72 ||   138
       Chain mail        |       |    76 |       ||    76
Dodge: Dodged            |    84 |   198 |   118 ||   400
